 Dungeon Crawl Stone Soup version 0.19.5 (webtiles) character file.

7069 tof the Basher (level 10, -20/90 HPs)
             Began as a Minotaur Berserker on Mar 9, 2017.
             Was a High Priest of Trog.
             Demolished by a skeletal warrior
             ... wielding a +0 trident
              (23 damage)
             ... on level 11 of the Dungeon.
             The game lasted 00:25:31 (9295 turns).

tof the Basher (Minotaur Berserker)                 Turns: 9295, Time: 00:25:33

Health: -20/90     AC: 14    Str: 23    XL:     10   Next: 83%
Magic:  9/9        EV: 18    Int:  4    God:    Trog [*****.]
Gold:   483        SH:  0    Dex: 21    Spells: 0 memorised, 9 levels left

rFire  x . .     SeeInvis .     L - +0 great mace
rCold  + . .     Gourm    .     n - +4 leather armour of Howec {*Contam Regen+ Dex+9}
rNeg   . . .     Faith    .     (shield currently unavailable)
rPois  .         Spirit   .     (helmet restricted)
rElec  .         Reflect  .     J - +2 cloak
rCorr  .         Harm     .     (no gloves)
MR     +....                    A - +0 pair of boots
Stlth  ++........               (no amulet)
                                k - ring of ice
                                q - ring of protection from magic

@: exhausted, slowed, very slow
A: retaliatory headbutt, horns 2, slimy green scales 1
a: Berserk, Trog's Hand, Brothers in Arms, Burn Spellbooks, Renounce Religion


You were on level 11 of the Dungeon.
You worshipped Trog.
Trog was extremely pleased with you.
You were very hungry.

You visited 1 branch of the dungeon, and saw 11 of its levels.

You collected 483 gold pieces.

Inventory:

Hand Weapons
 a - a +0 mace
 H - a +0 battleaxe
 L - a +0 great mace (weapon)
Armour
 b - +2 fire dragon scales
 n - the +4 leather armour of Howec (worn) {*Contam Regen+ Dex+9}
   (You found it on level 9 of the Dungeon)

   It affects your dexterity (+9).
   It causes magical contamination when unequipped.
   It increases your rate of regeneration.
 x - a +1 leather armour of cold resistance
 A - a +0 pair of boots (worn)
 J - a +2 cloak (worn)
Jewellery
 k - a ring of ice (right hand)
 q - a ring of protection from magic (left hand)
 C - an uncursed ring of flight
Wands
 f - a wand of iceblast (11/15)
 o - a wand of lightning (5/15)
 z - a wand of paralysis (18/24)
 I - a wand of random effects (19/48)
Scrolls
 d - 4 scrolls of magic mapping
 e - 10 scrolls of remove curse
 g - 13 scrolls of identify
 h - 3 scrolls of fog
 j - a scroll of amnesia
 l - 3 scrolls of teleportation
 p - a scroll of random uselessness
 w - a scroll of vulnerability {unknown}
 B - 3 scrolls of immolation
Potions
 r - a potion of cure mutation
 v - 5 potions of curing
 F - 3 potions of brilliance
 G - a potion of might
Books
 y - a book of Cantrips

   Spells                             Type                      Level
   a - Confusing Touch                Hexes                        1
   b - Animate Skeleton               Necromancy                   1
   c - Summon Small Mammal            Summoning                    1
   d - Apportation                    Translocation                1
   Trog disapproves of the use of such an item.
 D - a book of Minor Magic

   Spells                             Type                      Level
   a - Magic Dart                     Conjuration                  1
   b - Blink                          Translocation                2
   c - Call Imp                       Summoning                    2
   d - Repel Missiles                 Charms/Air                   2
   e - Slow                           Hexes                        2
   f - Conjure Flame                  Conjuration/Fire             3
   g - Mephitic Cloud                 Conjuration/Poison/Air       3
   Trog disapproves of the use of such an item.
Miscellaneous
 E - a fan of gales
Comestibles
 c - 9 bread rations
 i - 2 beef jerkies
 m - 3 fruits
 s - 10 meat rations
 u - 3 royal jellies


   Skills:
 - Level 8.9 Fighting
 * Level 13.9 Maces & Flails
 - Level 8.6 Armour
 - Level 7.8 Dodging


You had 9 spell levels left.
You didn't know any spells.

Dungeon Overview and Level Annotations

Branches:
Dungeon (11/15)            Temple (0/1) D:6            Lair (0/6) D:11
    Orc: D:9-12

Altars:
Dithmenos
Kikubaaqudgha
Makhleb

Shops:
D:6 %


Innate Abilities, Weirdness & Mutations

You reflexively headbutt those who attack you in melee.
You have a pair of horns on your head.
You are partially covered in slimy green scales. (AC +2)


Message History

The skeletal warrior closely misses you.
The killer bee barely misses you. You furiously retaliate!
You headbutt the killer bee!
You kill the killer bee!
Trog accepts your kill. The orc warrior closely misses you.
The skeletal warrior hits you with a scimitar.
The skeletal warrior is engulfed in roaring flames.
The skeletal warrior hits you from afar with a trident.
* * * LOW HITPOINT WARNING * * *
Okay, then.
Your ogre goes berserk!
You feel somewhat more hungry.
The skeletal warrior hits you with a short sword!!
* * * LOW HITPOINT WARNING * * *
The orc hits you with a flail.
* * * LOW HITPOINT WARNING * * *
The orc warrior closely misses you.
The skeletal warrior hits you from afar with a trident!!
You die...

#..# ###.# ###.#. ## #.######...
..... .## #.# #....## #...##
(.#####(###.....# ##..###
.(.....(........##########...#
)#........(..................##
.#.............†.o............#..
##............†).z........$......
................@zz.......)).....
##.............Ooo...............
###########.....................
#...................#.
#...................#
######......(......##
##.....#.....## #############


You could see 3 skeletal warriors, an orc warrior, 2 orcs and a friendly ogre
(berserk).

Vanquished Creatures
  3 hill giants
  A merfolk (D:9)
  2 trolls (D:10)
  4 hippogriffs
  A vampire (D:11)
  3 hungry ghosts
  Eustachio (D:5)
  A mottled dragon (D:11)
  4 vampire mosquitoes (D:11)
  A water moccasin (D:11)
  2 ice beasts
  An orc warrior (D:10)
  A phantom (D:5)
  A sky beast (D:5)
  3 centaurs
  A wyvern skeleton (D:9)
  A scorpion (D:9)
  5 killer bees (D:11)
  3 howler monkeys
  4 wights (D:9)
  4 crimson imps
  2 quasits (D:11)
  3 jellies
  4 orc priests
  9 orc wizards
  A bullfrog zombie (D:5)
  4 bullfrog skeletons
  An iguana (D:7)
  4 worker ants
  A hound zombie (D:11)
  A hound skeleton (D:9)
  A howler monkey zombie (D:5)
  3 worker ant zombies
  4 gnolls
  8 adders
  3 shadow imps
  2 oozes
  An adder skeleton (D:6)
  An adder zombie (D:5)
  3 worms
  3 dart slugs
  4 leopard geckos
  17 orcs
  4 bats
  3 giant cockroaches
  10 hobgoblins
  13 jackals
  10 kobolds
  3 quokkas
  2 frilled lizards
  8 goblins
  A quokka skeleton (D:7)
  9 rats
190 creatures vanquished.

Vanquished Creatures (collateral kills)
  A hill giant (D:11)
  A big kobold (D:11)
  2 killer bees (D:11)
  An adder (D:11)
5 creatures vanquished.

Grand Total: 195 creatures vanquished

Notes
Turn   | Place    | Note
-------+----------+-------------------------------------------
     0 | D:1      | tof the Minotaur Berserker began the quest for the Orb.
     0 | D:1      | Reached XP level 1. HP: 19/19 MP: 0/0
    43 | D:1      | Reached XP level 2. HP: 18/27 MP: 1/1
    48 | D:1      | Reached skill level 4 in Maces & Flails
   346 | D:1      | Reached XP level 3. HP: 31/33 MP: 2/2
   401 | D:1      | Reached ** piety under Trog
  1535 | D:3      | Reached XP level 4. HP: 39/40 MP: 3/3
  1807 | D:3      | Reached skill level 5 in Maces & Flails
  1985 | D:3      | Reached XP level 5. HP: 21/47 MP: 4/4
  3475 | D:5      | Entered Level 5 of the Dungeon
  3482 | D:5      | Reached XP level 6. HP: 22/55 MP: 5/5
  3496 | D:5      | Reached skill level 5 in Fighting
  3496 | D:5      | Reached skill level 6 in Maces & Flails
  3731 | D:5      | Noticed Eustachio
  3757 | D:5      | Killed Eustachio
  3848 | D:5      | Noticed an ice beast
  3853 | D:5      | Killed an ice beast
  3853 | D:5      | Reached XP level 7. HP: 54/61 MP: 6/6
  4170 | D:5      | Gained mutation: You are partially covered in slimy green scales. (AC +2) [potion of mutation]
  4170 | D:5      | Gained mutation: Scrolls take you a little longer to read. [potion of mutation]
  4170 | D:5      | Gained mutation: Your muscles are strong. (Str +2) [potion of mutation]
  4432 | D:5      | Reached skill level 7 in Maces & Flails
  4450 | D:5      | Reached *** piety under Trog
  4450 | D:5      | Reached skill level 5 in Armour
  4830 | D:6      | Reached skill level 5 in Dodging
  4907 | D:6      | Gained mutation: You have large cloven feet. [potion of mutation]
  4907 | D:6      | Gained mutation: You are occasionally teleported next to monsters. [potion of mutation]
  4949 | D:6      | Reached XP level 8. HP: 34/70 MP: 7/7
  5130 | D:6      | Reached skill level 8 in Maces & Flails
  5230 | D:6      | Found Nosaih's Food Emporium.
  5434 | D:6      | Found a staircase to the Ecumenical Temple.
  5838 | D:7      | You fall through a shaft!
  5875 | D:8      | Found an ancient bone altar of Kikubaaqudgha.
  6789 | D:8      | You fall through a shaft for 2 floors!
  6789 | D:10     | Entered Level 10 of the Dungeon
  6833 | D:9      | Reached skill level 9 in Maces & Flails
  6969 | D:8      | Noticed a hippogriff
  6975 | D:8      | Killed a hippogriff
  7098 | D:8      | Gained mutation: You are frail. (-10% HP) [potion of mutation]
  7098 | D:8      | Gained mutation: You have very sharp teeth. [potion of mutation]
  7099 | D:8      | Lost mutation: You have very sharp teeth. [potion of cure mutation]
  7099 | D:8      | Lost mutation: You are frail. (-10% HP) [potion of cure mutation]
  7099 | D:8      | Lost mutation: Scrolls take you a little longer to read. [potion of cure mutation]
  7099 | D:8      | Lost mutation: Your muscles are strong. (Str +2) [potion of cure mutation]
  7146 | D:8      | Reached XP level 9. HP: 79/79 MP: 8/8
  7147 | D:8      | Lost mutation: You are occasionally teleported next to monsters. [potion of cure mutation]
  7147 | D:8      | Lost mutation: You have large cloven feet. [potion of cure mutation]
  7264 | D:9      | Reached **** piety under Trog
  7470 | D:9      | Got a polished leather armour
  7481 | D:9      | Identified the +4 leather armour of Howec {*Contam Regen+ Dex+9} (You found it on level 9 of the Dungeon)
  7560 | D:9      | Reached skill level 10 in Maces & Flails
  7618 | D:9      | Found a shadowy altar of Dithmenos.
  7855 | D:9      | Noticed a merfolk
  7866 | D:9      | Killed a merfolk
  8210 | D:10     | Noticed a troll
  8212 | D:10     | Noticed a troll
  8229 | D:10     | Killed a troll
  8229 | D:10     | Reached skill level 11 in Maces & Flails
  8236 | D:10     | Killed a troll
  8281 | D:10     | Noticed a hill giant
  8292 | D:10     | Killed a hill giant
  8292 | D:10     | Reached XP level 10. HP: 73/90 MP: 9/9
  8640 | D:10     | Reached ***** piety under Trog
  8674 | D:11     | Found a staircase to the Lair.
  8895 | D:11     | Found a burning altar of Makhleb.
  8907 | D:11     | Reached skill level 12 in Maces & Flails
  8914 | D:11     | Noticed a cyclops
  9174 | D:11     | Noticed a hill giant
  9184 | D:11     | Killed a hill giant
  9190 | D:11     | Reached skill level 13 in Maces & Flails
  9265 | D:11     | Noticed a hill giant
  9271 | D:11     | Noticed a hill giant
  9271 | D:11     | Noticed a skeletal warrior
  9272 | D:11     | Noticed a skeletal warrior
  9274 | D:11     | Killed a hill giant
  9276 | D:11     | Noticed a skeletal warrior
  9279 | D:11     | Killed a hill giant
  9295 | D:11     | HP: 3/90 [orc/flail (4)]
  9295 | D:11     | Demolished by a skeletal warrior

Skill      XL: |  1  2  3  4  5  6  7  8  9 10 |
---------------+-------------------------------+-----
Maces & Flails | 4 5 6 7 9 11 13 | 13.9
Fighting       | 4 5 6 7 8 |  8.9
Armour         | 3 4 5 6 8 |  8.6
Dodging        | 3 4 5 6 7 |  7.8

Action                   |  1- 3 |  4- 6 |  7- 9 | 10-12 || total
-------------------------+-------+-------+-------+-------++-------
Melee: Mace              |   100 |   117 |   284 |    62 ||   563
       Headbutt          |    20 |    31 |    70 |    27 ||   148
       Great mace        |       |       |       |    40 ||    40
Invok: Berserk           |       |     1 |     2 |     2 ||     5
       Brothers in Arms  |       |       |       |     2 ||     2
       Burn Spellbooks   |       |       |       |     1 ||     1
  Use: Potion            |     2 |     6 |     7 |     3 ||    18
       Scroll            |       |       |    16 |     1 ||    17
 Stab: Sleeping          |       |     2 |       |       ||     2
       Invisible         |       |     1 |       |       ||     1
  Eat: Chunk             |     2 |     7 |    15 |     5 ||    29
       Fruit             |       |     1 |     7 |     1 ||     9
Armor: Animal skin       |    19 |    13 |       |       ||    32
       Leather armour    |       |    15 |    80 |    30 ||   125
       Fire dragon scale |       |       |    31 |       ||    31
Dodge: Dodged            |    69 |    74 |   200 |   102 ||   445
